Map: Lightshade LE

Players

DisK - Winner!

  • Race: Protoss Protoss
  • Spawn Location: 5:00

Namshar

  • Race: Zerg Zerg
  • League: Master
  • Spawn Location: 11:00

Event: DreamHack SC2 Masters 2020 Winter

VOD

Have the link to the VOD?

Description

Time

  • Played on: Oct. 13, 2020, 7:22 p.m.
  • Length: 24:29

All games in this series

Show
View Real Time Build Order
Export as new Build Order

DisK Protoss - Winner!

Build Orders: 1 Gate Expand, Archon Immortal, Archon Drop, Dark Templar Rush 

Get SALT Encoding   

  12  0:00  Probe  
  13  0:12  Probe  
  14  0:20  Pylon  
  14  0:24  Probe  
  15  0:38  Gateway, Probe (Chrono Boost)  
  16  0:48  Assimilator, Probe (Chrono Boost)  
  17  0:52  Probe (Chrono Boost)  
  19  1:04  Probe  
  19  1:16  Probe  
  20  1:23  Nexus  
  20  1:32  Cybernetics Core  
  20  1:36  Probe  
  21  1:42  Assimilator  
  21  1:48  Probe  
  21  1:51  Pylon  
  22  2:00  Probe (Chrono Boost)  
  23  2:06  Stalker (Chrono Boost)  
  23  2:08  Warp Gate  
  23  2:12  Probe (Chrono Boost)  
  26  2:18  Probe (Chrono Boost)  
  27  2:29  Adept, Probe  
  30  2:34  Twilight Council  
  30  2:36  Probe (Chrono Boost)  
  31  2:48  Probe (Chrono Boost)  
  31  2:49  Probe (Chrono Boost)  
  32  2:54  Robotics Facility, Probe (Chrono Boost)  
  32  2:57  Probe (Chrono Boost)  
  34  3:03  Probe  
  35  3:08  Probe  
  35  3:09  Gateway  
  36  3:15  Probe  
  37  3:20  Probe, Dark Shrine  
  38  3:30  Gateway  
  38  3:32  Gateway  
  39  3:34  Probe  
  39  3:37  Probe  
  40  3:42  Warp Prism (Chrono Boost)  
  40  3:48  Probe  
  43  3:50  Probe  
  43  3:54  Pylon  
  44  3:59  Assimilator  
  44  4:01  Assimilator  
  44  4:02  Probe x2  
  46  4:12  Pylon  
  47  4:18  Probe (Chrono Boost)  
  47  4:20  Probe (Chrono Boost)  
  49  4:33  Probe x2 (Chrono Boost)  
  49  4:36  Dark Templar x4, Pylon  
  58  4:40  Probe x2  
  58  4:55  Probe  
  58  4:58  Immortal  
  63  5:01  Pylon  
  63  5:11  Nexus  
  61  5:21  Dark Templar x3  
  61  5:25  Archon x2  
  65  5:30  Gateway  
  65  5:31  Gateway  
  65  5:37  Forge  
  65  5:40  Probe x2  
  67  5:54  Probe  
  67  5:56  Protoss Ground Weapons Level 1 (Chrono Boost)  
  68  6:02  Zealot  
  68  6:03  Sentry x3  
  76  6:05  Probe  
  76  6:06  Probe  
  76  6:08  Pylon, Blink (Chrono Boost)  
  78  6:20  Pylon  
  78  6:23  Probe x2, Immortal (Chrono Boost)  
  84  6:26  Probe  
  84  6:28  Shield Battery  
  85  6:33  Pylon  
  85  6:34  Shield Battery  
  85  6:35  Probe x2  
  85  6:39  Sentry x2  
  92  6:40  Zealot, Probe (Chrono Boost)  
  94  6:47  Probe x2 (Chrono Boost)  
  94  6:48  Assimilator x2  
  97  6:56  Pylon, Probe (Chrono Boost)  
  97  6:57  Probe x2 (Chrono Boost)  
  97  6:59  Stalker x2, Observer (Chrono Boost)  
  104  7:02  Probe x2 (Chrono Boost)  
  104  7:03  Probe  
  107  7:12  Pylon  
  107  7:13  Gateway  
  107  7:14  Gateway  
  107  7:15  Pylon  
  107  7:20  Sentry x2  
  107  7:21  Stalker  
  113  7:25  Probe x2  
  113  7:29  Immortal (Chrono Boost)  
  115  7:30  Pylon  
  115  7:36  Dark Templar  
  121  7:39  Probe x2  
  123  7:45  Pylon  
  123  7:53  Stalker x4  
  123  7:54  Stalker  
  123  7:58  Pylon  
  133  8:08  Probe x2  
  135  8:13  Stalker  
  135  8:14  Stalker x2  
  135  8:16  Nexus  
  141  8:23  Stalker  
  141  8:24  Stalker x2  
  147  8:30  Protoss Ground Weapons Level 2 (Chrono Boost)  
  147  8:38  Stalker x5  
  147  8:39  Pylon  
  155  9:15  Charge (Chrono Boost), Robotics Bay  
  153  9:18  Gateway  
  153  9:20  Immortal  
  153  9:21  Gateway, Pylon x2, Robotics Facility  
  157  9:27  Photon Cannon  
  157  9:28  Shield Battery  
  157  9:29  Photon Cannon x2, Probe  
  158  9:38  Stalker  
  158  9:39  Stalker x4  
  158  9:43  Stalker  
  170  9:48  Stalker x2  
  172  10:06  Dark Templar x2  
  172  10:07  Dark Templar x2  
  144  10:26  Archon  
  144  10:31  Disruptor x2  
  144  10:32  Probe x2  
  144  10:34  Assimilator  
  144  10:35  Assimilator  
  152  10:38  Shield Battery  
  152  10:40  Photon Cannon  
  152  10:41  Zealot x7  
  152  10:42  Photon Cannon  
  166  10:46  Templar Archives  
  158  11:18  Stalker x10  
  174  11:19  Psionic Storm, Disruptor x2 (Chrono Boost)  
  180  11:28  Probe x3  
  180  11:29  Probe  
  168  11:45  Zealot x3  
  168  11:46  Zealot x4  
  180  11:54  Sentry x3  
  175  12:17  Stalker x10  
  175  12:20  Colossus (Chrono Boost)  
  195  12:25  Colossus (Chrono Boost)  
  189  12:53  Stalker x5  
  198  13:04  Dark Templar x4  
  198  13:05  Dark Templar  
  184  13:06  Nexus  
  184  13:09  Pylon  
  173  13:14  Observer (Chrono Boost)  
  170  13:21  Probe  
  170  13:24  Disruptor (Chrono Boost)  
  172  13:45  Nexus  
  164  13:56  Zealot x3  
  164  13:57  Zealot x5  
  164  14:02  Pylon  
  180  14:10  Pylon  
  180  14:11  Pylon  
  180  14:15  Disruptor (Chrono Boost)  
  180  14:16  Disruptor (Chrono Boost)  
  180  14:21  Gravitic Boosters  
  186  14:25  Protoss Ground Weapons Level 3 (Chrono Boost)  
  186  14:35  Stargate  
  186  14:43  Disruptor x2  
  161  15:02  Zealot x10  
  181  15:07  Probe x4  
  135  15:28  Probe x4  
  120  15:30  Probe  
  122  15:37  Stalker x9  
  122  15:38  Stalker  
  122  15:40  Disruptor  
  122  15:41  Observer  
  125  16:00  Probe x2  
  125  16:01  Probe  
  125  16:03  Dark Templar x2  
  132  16:06  High Templar x2  
  132  16:07  High Templar x2, Zealot x4  
  132  16:08  Oracle (Chrono Boost)  
  151  16:12  Archon x2  
  151  16:14  Probe x3  
  148  16:37  Zealot x6  
  156  16:41  Dark Templar x2  
  156  16:46  Assimilator  
  160  16:47  Assimilator  
  160  16:57  High Templar  
  160  16:58  High Templar x2  
  160  17:00  Stalker x3  
  164  17:04  Zealot x2  
  164  17:24  Zealot x7  
  170  17:40  Nexus  
  170  17:44  Dark Templar x2  
  170  17:46  Pylon  
  170  17:48  Pylon  
  170  17:55  Zealot x5  
  170  17:56  Zealot x3  
  186  18:02  Immortal  
  186  18:22  Archon  
  184  18:32  Zealot x8  
  190  18:46  Immortal x2  
  164  18:54  Zealot x5  
  172  19:11  High Templar x3  
  178  19:18  Zealot x2  
  178  19:19  Zealot x4  
  174  19:30  Observer  
  158  19:37  Observer  
  137  19:40  High Templar  
  137  19:41  High Templar x5  
  124  19:53  Zealot x3  
  124  19:56  Archon x3  
  123  20:16  Zealot x6  
  124  20:51  Gateway  
  124  20:54  Gateway, Pylon  
  122  20:58  Gateway  
  121  21:19  Assimilator  
  121  21:21  Assimilator  
  113  21:34  Cybernetics Core  
  111  22:24  Robotics Facility  
  111  22:27  Pylon  
  111  22:28  Pylon  
  111  22:31  Pylon  
  111  22:32  Pylon  
  111  22:35  Pylon  
  101  23:07  Pylon  
  101  23:08  Pylon  
  101  23:11  Observer (Chrono Boost)  
  102  23:26  Observer (Chrono Boost)  
  103  23:35  Probe x2  
  103  23:38  Zealot  
  103  23:39  Zealot x2  
  111  23:43  Robotics Bay, Robotics Facility  
  111  23:45  Immortal (Chrono Boost)  
  111  23:47  Probe x2  
  117  23:59  Probe  
  102  24:16  Zealot  
  102  24:17  Zealot x2  
Show
View Real Time Build Order
Export as new Build Order

Namshar Zerg 

Build Orders: Hatch First, Lurkers, Roach Hydra 

Get SALT Encoding   

  12  0:00  Drone  
  13  0:12  Overlord  
  13  0:17  Drone  
  14  0:31  Drone x2  
  16  0:48  Hatchery  
  15  0:51  Drone  
  15  0:55  Drone  
  17  0:58  Drone  
  18  1:09  Extractor  
  17  1:14  Spawning Pool  
  17  1:18  Drone  
  17  1:20  Drone  
  18  1:28  Drone  
  19  1:39  Drone  
  20  1:49  Overlord  
  20  2:02  Queen x2, Zergling x2  
  20  2:03  Zergling x2  
  26  2:11  Drone x2  
  28  2:21  Drone  
  29  2:23  Drone  
  30  2:33  Drone x2  
  32  2:41  Pneumatized Carapace, Hatchery  
  31  2:45  Drone, Overlord  
  32  2:56  Queen  
  34  2:58  Overlord  
  34  3:05  Zergling x4  
  36  3:13  Drone x2  
  36  3:15  Drone x4  
  36  3:18  Drone x2  
  44  3:30  Drone, Spore Crawler  
  44  3:34  Overlord  
  44  3:35  Queen  
  46  3:41  Drone  
  46  3:42  Roach Warren  
  46  3:44  Metabolic Boost  
  46  3:49  Drone x3  
  46  3:53  Drone  
  46  3:54  Drone  
  51  3:58  Overlord  
  51  4:05  Drone x2, Extractor  
  52  4:12  Overlord  
  52  4:13  Drone  
  53  4:19  Spore Crawler  
  53  4:20  Drone, Spore Crawler  
  52  4:25  Roach x3  
  52  4:26  Roach  
  52  4:31  Overlord  
  60  4:37  Roach x2  
  64  4:41  Overlord  
  64  4:47  Roach x2  
  68  4:56  Drone, Spore Crawler  
  66  5:03  Drone  
  66  5:04  Spore Crawler  
  66  5:09  Drone x10  
  76  5:22  Queen  
  76  5:23  Overlord x2  
  76  5:24  Lair  
  76  5:27  Evolution Chamber  
  77  5:31  Queen  
  79  5:36  Extractor  
  79  5:38  Extractor  
  79  5:40  Drone x2  
  79  5:45  Roach x7  
  93  5:57  Zerg Missile Weapons Level 1  
  93  6:04  Drone  
  93  6:05  Drone x8  
  101  6:15  Overlord  
  101  6:16  Drone x4  
  105  6:28  Hydralisk Den, Extractor x2  
  105  6:29  Drone  
  105  6:30  Drone x3  
  105  6:32  Overlord x3  
  106  6:33  Glial Reconstitution  
  106  6:41  Hatchery  
  105  6:52  Overseer  
  105  6:54  Drone  
  105  6:55  Drone  
  105  6:58  Drone x2, Overlord x2  
  109  7:03  Roach  
  109  7:04  Roach x3, Overseer  
  109  7:07  Grooved Spines  
  117  7:09  Drone x2  
  119  7:17  Drone x4  
  119  7:19  Roach x4  
  119  7:21  Ravager x2  
  132  7:24  Extractor  
  132  7:26  Overlord x2  
  132  7:29  Roach  
  137  7:30  Roach x2  
  137  7:39  Drone  
  137  7:42  Drone, Overlord x2  
  137  7:43  Overlord x2  
  139  7:44  Roach  
  141  7:51  Zerg Missile Weapons Level 2  
  141  7:56  Overlord, Hydralisk x4  
  149  8:09  Overseer  
  149  8:12  Hydralisk  
  149  8:13  Hydralisk x6  
  149  8:18  Muscular Augments  
  160  8:27  Drone x2, Hydralisk x5  
  172  8:36  Drone x2  
  174  8:45  Hydralisk x6  
  186  8:54  Drone x2  
  188  8:56  Infestation Pit  
  188  8:57  Drone  
  188  8:59  Extractor  
  188  9:00  Hydralisk x2  
  188  9:01  Hydralisk  
  193  9:05  Ravager x2  
  193  9:06  Hydralisk  
  193  9:07  Zergling x6  
  198  9:31  Hatchery, Hydralisk  
  197  9:32  Zergling x2  
  197  9:34  Overseer  
  197  9:36  Overseer  
  200  9:44  Hive  
  200  9:47  Lurker Den  
  197  9:54  Hydralisk  
  199  10:04  Hydralisk  
  199  10:05  Zergling x12  
  191  10:12  Hydralisk x7  
  169  10:21  Hydralisk x12  
  169  10:28  Hydralisk x3  
  186  10:35  Zerg Ground Armor Level 1  
  185  10:36  Zergling x14  
  185  10:42  Drone x2  
  194  10:47  Drone  
  195  10:51  Drone  
  195  10:52  Drone x3  
  188  11:14  Drone x6  
  188  11:15  Drone x7  
  197  11:31  Extractor, Hatchery  
  197  11:32  Seismic Spines  
  195  11:33  Extractor  
  195  11:37  Overseer  
  195  11:39  Spine Crawler  
  193  11:40  Zergling x2, Spine Crawler x2  
  193  11:41  Zergling x16  
  197  11:52  Hydralisk  
  197  11:53  Zergling x6  
  187  12:15  Drone x7  
  176  12:16  Hydralisk x9  
  176  12:22  Drone  
  182  12:24  Drone  
  182  12:25  Overlord x2  
  182  12:29  Adaptive Talons, Overseer, Zerg Missile Weapons Level 3  
  183  12:37  Spine Crawler x2  
  183  12:38  Lurker x6  
  183  12:39  Lurker  
  183  12:44  Lurker x3  
  184  13:02  Hydralisk x9  
  185  13:13  Hatchery  
  164  13:20  Hydralisk x2  
  159  13:33  Lurker  
  159  13:34  Lurker x5  
  163  14:06  Hydralisk  
  163  14:07  Hydralisk x6  
  171  14:21  Lurker x2  
  171  14:22  Lurker x5  
  163  14:26  Hydralisk x8  
  163  14:28  Hatchery  
  178  14:40  Spore Crawler, Spine Crawler  
  174  14:50  Hydralisk x4  
  182  15:06  Overseer x2  
  158  15:18  Hydralisk x9  
  153  15:24  Hydralisk x2  
  130  15:31  Drone x3  
  134  15:35  Drone x2  
  134  15:42  Drone x3  
  132  15:51  Overseer  
  122  15:59  Zerg Ground Armor Level 2  
  122  16:01  Drone x3  
  122  16:02  Drone x2  
  127  16:04  Drone  
  127  16:06  Drone x3  
  127  16:09  Lurker x4  
  135  16:13  Lurker x3  
  138  16:28  Overseer x2  
  135  16:38  Drone x3  
  137  16:43  Lurker x2  
  137  16:45  Overseer x2  
  139  16:55  Hatchery  
  139  16:57  Hydralisk x6  
  150  17:05  Lurker x3  
  151  17:13  Drone x9  
  146  17:26  Drone x3  
  146  17:28  Drone x3  
  151  17:30  Spine Crawler  
  151  17:34  Drone x2  
  151  17:35  Hydralisk x2  
  156  17:51  Hydralisk x5  
  166  18:12  Hatchery  
  165  18:26  Hydralisk x9  
  152  18:39  Hydralisk x2  
  152  18:40  Hydralisk x6  
  141  18:48  Hydralisk x10  
  141  18:49  Hydralisk x2  
  141  18:50  Lurker x5  
  164  18:57  Overseer  
  164  19:01  Overseer  
  164  19:04  Overlord x7  
  149  19:28  Hydralisk x10  
  148  19:48  Hydralisk  
  148  19:49  Hydralisk x6  
  143  20:19  Hydralisk Den  
  121  20:55  Hydralisk  
  121  20:56  Hydralisk x13  
  139  21:05  Overseer  
  138  21:12  Overseer  
  136  21:25  Overseer  
  128  22:14  Hatchery  
  127  22:20  Lurker Den  
  126  22:34  Overseer  
  126  22:42  Drone  
  127  22:50  Hatchery  
  124  22:56  Hydralisk  
  97  23:07  Hydralisk x3  
  103  23:20  Overseer  
  103  23:36  Hatchery  
  103  23:40  Lurker  
  103  23:51  Lurker x2  
Tags
 
Add a new tag
Caveats
  • Supply blocks, unpowered buildings, or Contaminate may cause inaccurate times.
  • Supply counts are checked every 10 seconds.